Map: 2000 Atmospheres LE

Players

Dolan

  • Race: Terran Terran

Semper - Winner!

  • Race: Terran Terran

Event: DreamHack SC2 Masters 2021 Winter

VOD

Have the link to the VOD?

Description

Time

  • Played on: Oct. 5, 2021, 6:32 p.m.
  • Length: 26:49

All games in this series

Show
View Real Time Build Order
Export as new Build Order

Dolan Terran 

Build Orders: Cyclone Opening 

Get SALT Encoding   

  12  0:00  SCV  
  13  0:12  SCV  
  14  0:17  Supply Depot  
  14  0:24  SCV  
  15  0:38  SCV  
  15  0:39  Barracks  
  15  0:42  Refinery  
  16  0:50  SCV  
  16  0:52  Refinery  
  17  1:02  SCV  
  18  1:14  SCV  
  19  1:27  Supply Depot, Reaper  
  19  1:28  Orbital Command  
  20  1:42  Factory  
  20  1:53  SCV  
  21  2:05  SCV  
  22  2:08  Barracks Reactor  
  22  2:17  SCV  
  23  2:23  Command Center  
  23  2:28  Factory Tech Lab  
  23  2:34  SCV  
  24  2:47  Supply Depot, Cyclone, Marine x2  
  24  2:50  SCV  
  30  2:57  Starport  
  30  3:02  SCV  
  31  3:10  Marine x2  
  33  3:17  Refinery  
  33  3:18  SCV  
  34  3:26  Siege Tank  
  37  3:31  Marine x2  
  37  3:33  Starport Tech Lab  
  39  3:34  SCV  
  40  3:46  Orbital Command  
  40  3:47  SCV  
  41  3:52  Raven  
  41  3:53  Marine x2  
  45  3:59  SCV  
  46  4:06  Siege Tank  
  49  4:11  SCV x2  
  49  4:12  Marine  
  49  4:13  Marine  
  53  4:19  Supply Depot  
  53  4:24  SCV  
  53  4:30  Supply Depot  
  54  4:40  SCV x2, Raven, Marine x2  
  60  4:48  Supply Depot  
  60  4:52  SCV x2, Siege Tank  
  64  4:58  Marine x2  
  67  5:05  SCV x2  
  69  5:12  Supply Depot, Command Center  
  69  5:17  SCV x2  
  69  5:20  Refinery  
  70  5:30  Viking x2  
  70  5:32  SCV x2  
  76  5:38  Siege Tank  
  76  5:41  Stimpack, Marine  
  80  5:45  SCV x2  
  82  5:59  Supply Depot  
  82  6:00  Viking x2  
  82  6:01  Supply Depot  
  86  6:14  Barracks  
  86  6:16  Barracks  
  86  6:21  SCV x2, Siege Tank  
  91  6:27  Engineering Bay  
  91  6:28  Engineering Bay  
  91  6:35  Viking x2  
  95  6:49  Marine  
  95  6:50  SCV x2, Orbital Command  
  98  6:54  Terran Infantry Weapons Level 1, Terran Infantry Armor Level 1  
  98  7:06  SCV x2  
  100  7:11  Viking  
  100  7:12  Siege Tank, Viking  
  100  7:13  Barracks Reactor x2  
  105  7:17  SCV  
  105  7:18  SCV x2  
  108  7:31  Barracks  
  108  7:32  Barracks  
  108  7:33  SCV x2  
  108  7:34  SCV  
  111  7:41  Armory  
  111  7:42  Supply Depot  
  111  7:49  Viking x2  
  115  7:54  Combat Shield, Marine  
  115  8:00  SCV x2, Refinery x2  
  115  8:04  SCV  
  118  8:13  Siege Tank  
  118  8:14  SCV x2  
  118  8:16  SCV  
  124  8:20  Supply Depot  
  124  8:21  Supply Depot  
  124  8:26  SCV x2  
  126  8:28  SCV  
  127  8:36  Viking x2  
  131  8:45  Siege Tank  
  131  8:48  Barracks Reactor x2, Marine x5  
  134  8:53  Terran Infantry Weapons Level 2, Factory, Terran Infantry Armor Level 2  
  139  8:55  SCV  
  139  8:56  SCV x2  
  126  9:14  Viking x2  
  130  9:18  Marine x5  
  92  9:42  Marine x8  
  92  9:43  Siege Tank  
  100  9:46  Medivac x2  
  100  9:52  SCV x3  
  107  9:54  Barracks Reactor  
  107  9:55  Siege Tank  
  107  9:56  Terran Vehicle Weapons Level 1  
  107  9:58  Command Center  
  107  9:59  Marine  
  110  10:00  Marine  
  110  10:02  Barracks  
  110  10:03  Barracks  
  110  10:04  SCV x2, Barracks  
  110  10:05  SCV  
  115  10:08  Sensor Tower  
  115  10:16  SCV x2  
  115  10:17  SCV  
  118  10:22  Siege Tank  
  118  10:23  Viking x2  
  118  10:27  Siege Tank  
  128  10:34  Marine x5  
  128  10:35  Marine x3  
  136  10:40  Supply Depot, SCV x3  
  136  10:42  Supply Depot  
  139  10:49  Marine x2  
  139  10:52  Barracks Reactor x3  
  139  10:54  Siege Tank  
  144  10:59  Siege Tank  
  144  11:14  Marine x6  
  144  11:15  Marine x3  
  152  11:38  Refinery  
  152  11:40  Starport, Siege Tank x2  
  152  11:41  Refinery  
  152  11:42  Viking x2, Marine  
  152  11:43  Starport, Marine x7  
  152  11:44  Sensor Tower  
  152  11:45  Marine x2  
  172  11:51  Marine x4  
  172  11:52  Marine x2  
  178  12:00  Marine x3  
  181  12:02  Supply Depot  
  181  12:14  Planetary Fortress  
  181  12:21  Starport Tech Lab x2  
  181  12:22  Medivac x2  
  185  12:23  Siege Tank x2  
  185  12:26  Supply Depot  
  185  12:27  Supply Depot  
  191  12:30  Terran Infantry Weapons Level 3, Terran Infantry Armor Level 3  
  191  12:36  Terran Vehicle Weapons Level 2  
  168  12:53  Marine x2  
  168  12:54  Marine x8  
  168  12:55  Marine x2  
  176  13:06  Marine x4  
  176  13:11  Siege Tank x2, Raven x2, Marine x4  
  176  13:12  Marine x3  
  196  13:25  Marine  
  196  13:26  Marine x6  
  197  13:27  Marine  
  197  13:30  Marine  
  197  13:31  Marine x4  
  185  13:35  Marine  
  185  13:41  Orbital Command  
  186  13:44  Refinery, Marine x2  
  186  13:46  Siege Tank x2, Viking x2  
  194  13:51  Corvid Reactor  
  194  14:09  Sensor Tower  
  194  14:18  Raven  
  194  14:21  Supply Depot  
  194  14:23  Marine  
  197  14:27  Command Center  
  197  14:43  Marine x3  
  200  14:59  Raven, Marine  
  197  15:01  Marine  
  197  15:03  Raven  
  199  15:17  Viking x2  
  197  15:34  Siege Tank  
  197  16:24  Refinery  
  197  16:25  Refinery  
  191  16:28  Marine x2  
  191  16:29  Marine  
  191  16:30  Raven x2, Viking  
  191  16:31  Marine  
  200  16:44  Terran Vehicle Weapons Level 3  
  200  16:45  Command Center x2  
  173  17:02  Marine x10  
  173  17:03  Siege Tank x2  
  173  17:04  Viking x2  
  173  17:05  Marine x5  
  198  17:12  Raven  
  195  17:19  Planetary Fortress  
  195  17:23  Sensor Tower  
  195  17:33  Raven  
  195  17:35  Siege Tank  
  199  18:18  Orbital Command  
  187  18:29  Raven x2  
  187  18:30  Siege Tank x2, Viking  
  187  18:31  Viking  
  194  18:58  Marine x2  
  194  18:59  Marine x3  
  196  19:14  Raven x2  
  172  19:35  Marine  
  172  19:36  Viking  
  172  19:37  Siege Tank x2, Viking  
  179  19:39  SCV x6  
  181  19:51  SCV x5  
  181  19:52  Marine x6  
  192  19:57  Raven x2  
  195  20:04  Marine x2  
  182  20:20  Marine x14  
  181  20:21  Siege Tank x2  
  181  20:22  Marine x2  
  181  20:27  Medivac x2  
  193  20:37  Marine  
  193  20:38  Marine x6  
  193  20:42  Planetary Fortress  
  187  21:03  Marine x8  
  187  21:04  Marine x8  
  183  21:05  Refinery x2, Siege Tank x2, Raven x2  
  183  21:06  Viking x2  
  197  21:21  Marine x3  
  200  21:37  Missile Turret  
  200  21:38  Missile Turret  
  200  21:41  Missile Turret  
  200  21:47  Sensor Tower  
  193  21:57  Marine  
  193  21:58  Marine  
  189  22:08  Raven x2  
  193  22:12  Starport  
  193  22:15  Starport  
  193  22:22  Marine x12  
  180  22:27  Marine x4  
  180  22:28  Siege Tank x2  
  191  22:35  Viking x2  
  190  22:40  Marine x10  
  194  22:51  Raven x2  
  195  22:53  Marine  
  195  22:54  Marine  
  190  23:14  Orbital Command  
  190  23:19  Marine x4  
  189  23:28  Starport Tech Lab, Starport Reactor  
  179  23:53  Marine x16  
  179  23:55  Raven x2  
  189  23:56  Raven  
  189  23:57  Viking x2  
  128  24:11  Marine x4  
  128  24:14  Marine x7  
  128  24:15  Marine x5  
  128  24:16  Siege Tank x2  
  115  24:17  Viking  
  104  24:28  Marine  
  104  24:29  Marine x3  
  106  24:32  Marine x12  
  106  24:38  Raven x3  
  121  24:39  Medivac x2  
  127  24:46  Marine x2  
  127  24:47  Marine  
  127  24:49  Marine  
  124  25:01  Marine x11  
  124  25:02  Siege Tank  
  138  25:14  Siege Tank  
  138  25:15  Marine x2  
  138  25:20  Raven  
  137  25:34  Siege Tank  
  110  25:45  Marine  
  110  25:46  Marine x3  
  78  25:51  Marine x6  
  78  25:52  Siege Tank  
  78  25:55  Marine x3  
  90  25:57  Medivac  
  90  26:03  SCV x3  
  96  26:05  SCV  
  96  26:06  Siege Tank, Marine  
  96  26:07  Marine  
  96  26:09  Marine  
Show
View Real Time Build Order
Export as new Build Order

Semper Terran - Winner!

Build Orders:  

Get SALT Encoding   

  12  0:00  SCV  
  13  0:12  SCV  
  14  0:17  Supply Depot  
  14  0:24  SCV  
  15  0:39  SCV  
  15  0:40  Barracks  
  16  0:44  Refinery  
  16  0:51  SCV  
  16  0:52  Refinery  
  17  1:03  SCV  
  18  1:15  SCV  
  19  1:27  Barracks Reactor, Orbital Command  
  19  1:29  Supply Depot  
  19  1:42  Factory  
  19  1:52  SCV  
  20  2:03  Reaper  
  20  2:04  SCV  
  20  2:05  Reaper  
  23  2:10  Supply Depot  
  23  2:17  SCV  
  24  2:26  Hellion  
  24  2:29  SCV  
  26  2:36  Reaper  
  27  2:37  Reaper  
  27  2:41  SCV  
  29  2:47  Hellion  
  29  2:51  Command Center  
  31  2:53  SCV  
  32  3:05  SCV  
  33  3:09  Starport, Factory Tech Lab  
  33  3:11  Marine x2  
  35  3:17  SCV  
  36  3:21  Supply Depot  
  36  3:34  Cyclone  
  36  3:43  SCV  
  36  3:44  Marine  
  36  3:48  Starport Tech Lab  
  35  3:53  Refinery  
  35  3:54  Marine  
  35  3:55  SCV  
  37  4:02  Orbital Command  
  37  4:07  SCV  
  37  4:08  Raven  
  37  4:09  Marine  
  41  4:12  Marine  
  42  4:19  SCV  
  43  4:25  Siege Tank  
  43  4:28  SCV  
  43  4:29  Marine  
  43  4:30  Marine  
  49  4:31  SCV  
  50  4:40  SCV  
  50  4:42  Supply Depot  
  50  4:43  SCV  
  52  4:47  Command Center  
  52  4:51  Raven  
  54  4:55  SCV  
  55  5:01  SCV  
  55  5:06  Siege Tank  
  59  5:07  SCV  
  59  5:09  Supply Depot  
  59  5:12  Marine x2  
  62  5:15  SCV  
  62  5:19  SCV  
  64  5:23  Supply Depot  
  64  5:27  SCV  
  65  5:33  SCV  
  66  5:40  Siege Tank  
  66  5:41  SCV  
  70  5:44  Viking  
  70  5:45  Viking  
  74  5:51  SCV  
  74  5:55  Marine  
  76  5:59  SCV  
  76  6:00  Orbital Command  
  76  6:01  Supply Depot  
  76  6:02  Refinery  
  76  6:03  Stimpack  
  77  6:08  Barracks x2  
  77  6:11  SCV  
  77  6:14  Viking  
  77  6:15  Viking  
  82  6:24  Siege Tank  
  84  6:26  SCV  
  84  6:27  SCV  
  84  6:30  Supply Depot  
  86  6:34  SCV  
  87  6:40  SCV  
  87  6:45  Viking x2  
  92  6:50  Marine  
  92  6:53  Engineering Bay  
  92  6:54  Engineering Bay  
  93  6:59  Orbital Command  
  93  7:00  SCV  
  93  7:01  Barracks Reactor, Siege Tank  
  96  7:02  Barracks Reactor  
  96  7:05  Orbital Command  
  96  7:06  SCV  
  97  7:13  SCV  
  98  7:18  Viking x2  
  98  7:22  SCV  
  103  7:25  SCV  
  104  7:31  Marine  
  104  7:33  Terran Infantry Weapons Level 1, Terran Infantry Armor Level 1  
  104  7:34  SCV  
  104  7:36  SCV  
  107  7:37  SCV  
  107  7:38  Refinery, Barracks x2  
  107  7:39  Refinery  
  106  7:45  Sensor Tower  
  106  7:46  SCV  
  106  7:48  SCV  
  106  7:50  Supply Depot x2  
  107  7:54  Marine x3  
  107  7:56  SCV  
  107  7:58  SCV  
  111  8:00  SCV  
  111  8:03  Siege Tank  
  115  8:09  SCV  
  115  8:10  SCV  
  116  8:12  Marine  
  116  8:13  Marine x4  
  116  8:16  Combat Shield  
  116  8:18  SCV  
  122  8:21  SCV  
  122  8:24  Viking x2  
  127  8:30  Marine  
  127  8:33  SCV x3  
  131  8:44  Sensor Tower  
  131  8:50  Supply Depot  
  131  8:51  Marine  
  131  8:52  Supply Depot, Barracks Reactor x2, Marine  
  131  8:53  Siege Tank, Marine x2  
  131  8:54  Viking, Armory  
  132  9:06  Viking  
  123  9:11  Marine  
  123  9:12  Marine x4  
  126  9:17  Factory, SCV  
  129  9:25  Siege Tank  
  129  9:29  Marine x5  
  129  9:31  SCV  
  118  9:32  Marine  
  118  9:33  Marine x2  
  118  9:34  SCV  
  118  9:37  SCV  
  98  9:43  SCV  
  92  9:46  SCV  
  92  9:47  Medivac x2  
  92  9:49  SCV  
  96  9:55  SCV  
  96  9:57  Terran Infantry Weapons Level 2, Siege Tank  
  96  9:58  Command Center  
  96  9:59  SCV  
  101  10:08  Barracks Reactor  
  101  10:10  SCV x2, Terran Infantry Armor Level 2  
  103  10:15  Marine  
  103  10:16  Marine x3  
  103  10:18  Medivac x2  
  103  10:19  SCV  
  112  10:22  SCV  
  112  10:25  Terran Vehicle Weapons Level 1  
  113  10:29  SCV  
  113  10:32  Siege Tank  
  113  10:33  Siege Tank  
  113  10:34  Missile Turret  
  120  10:36  SCV  
  120  10:39  Marine x5  
  126  10:44  SCV  
  125  10:51  SCV  
  125  10:52  Marine x5  
  125  10:55  Viking  
  125  10:56  Viking  
  125  10:57  Marine  
  135  11:00  SCV x2  
  138  11:04  Siege Tank  
  138  11:14  Marine x6  
  143  11:23  SCV x2  
  143  11:25  Viking  
  145  11:26  Viking  
  145  11:30  Sensor Tower  
  145  11:31  Marine  
  145  11:32  Marine x4  
  150  11:41  Siege Tank x2  
  150  11:45  Planetary Fortress  
  150  11:46  SCV x2  
  158  11:52  Marine x3  
  159  12:00  Viking  
  159  12:01  Viking  
  163  12:03  SCV  
  163  12:08  SCV x2  
  163  12:11  Marine x9  
  172  12:16  Supply Depot  
  172  12:17  Marine  
  173  12:24  Refinery  
  173  12:25  Refinery, Terran Infantry Weapons Level 3  
  173  12:29  Marine  
  175  12:30  SCV x2  
  175  12:31  Missile Turret  
  175  12:33  Missile Turret  
  175  12:35  Orbital Command  
  176  12:47  Liberator x2  
  176  12:49  Siege Tank  
  164  12:56  Marine  
  164  12:57  Marine x3  
  166  13:05  Terran Infantry Armor Level 3  
  166  13:06  Terran Ship Weapons Level 1  
  166  13:09  Siege Tank  
  166  13:10  Starport  
  166  13:11  Starport  
  168  13:16  Sensor Tower  
  161  13:31  Marine  
  158  13:35  Viking x2  
  158  13:37  Marine x5  
  158  13:38  Marine x4  
  168  13:43  Siege Tank  
  163  13:49  Marine  
  163  13:51  Starport Reactor x2  
  164  13:57  Marine x3  
  164  13:58  Marine x2  
  164  14:00  Refinery  
  164  14:01  Missile Turret  
  169  14:07  SCV  
  170  14:10  SCV  
  170  14:11  Command Center  
  170  14:14  Siege Tank  
  173  14:18  Missile Turret  
  173  14:23  Viking x2  
  177  14:27  Supply Depot x2, Marine  
  177  14:28  Marine x6  
  184  14:33  Viking  
  184  14:40  Viking x2  
  188  14:57  Siege Tank  
  188  15:01  Marine  
  189  15:08  Marine  
  189  15:09  Viking x4  
  189  15:10  Terran Ship Weapons Level 2  
  198  15:17  Marine  
  198  15:18  Marine  
  200  15:31  Fusion Core  
  200  15:33  Starport  
  200  15:36  Command Center  
  197  15:54  Siege Tank  
  200  16:14  Starport Tech Lab  
  200  16:15  Command Center  
  200  16:18  Command Center  
  200  16:20  Command Center  
  192  16:26  Siege Tank  
  192  16:27  Liberator  
  192  16:28  Advanced Ballistics, Viking  
  192  16:32  Planetary Fortress  
  200  16:43  Missile Turret  
  200  16:44  Missile Turret  
  198  16:58  Liberator  
  198  16:59  Viking  
  194  17:18  Siege Tank  
  191  17:23  Missile Turret x2  
  191  17:24  Orbital Command  
  191  17:30  Hi-Sec Auto Tracking, Neosteel Armor  
  191  17:31  Orbital Command x2  
  191  17:33  Terran Ship Weapons Level 3, Armory  
  191  17:35  Refinery  
  191  17:37  Liberator x2, Viking, Orbital Command  
  191  17:38  Corvid Reactor, Refinery  
  194  17:54  Missile Turret  
  193  18:00  Siege Tank  
  196  18:10  Liberator  
  199  18:13  Marine  
  199  18:16  Command Center  
  200  18:41  Barracks  
  200  18:44  Barracks  
  200  18:45  Barracks  
  197  19:17  Siege Tank  
  199  19:21  Marine  
  194  19:35  Raven, Viking  
  185  20:02  Siege Tank  
  185  20:05  Command Center  
  185  20:06  Marine  
  189  20:07  Siege Tank  
  189  20:08  Barracks Reactor x3  
  189  20:09  Command Center  
  172  20:15  Command Center  
  172  20:17  Orbital Command  
  153  20:28  Marine  
  153  20:29  Marine x9  
  153  20:30  Liberator, Viking x2  
  153  20:31  Viking  
  153  20:34  Siege Tank  
  175  20:37  SCV  
  175  20:38  SCV x2  
  175  20:39  Siege Tank  
  181  20:46  Marine x2  
  173  21:01  Liberator  
  173  21:02  Liberator  
  142  21:06  Siege Tank  
  143  21:12  Siege Tank  
  146  21:19  Marine  
  146  21:21  Liberator  
  146  21:23  Orbital Command  
  148  21:36  Barracks Reactor  
  148  21:38  Siege Tank  
  148  21:40  Liberator  
  148  21:44  Siege Tank  
  138  22:07  Marine x5  
  138  22:08  Marine x9  
  148  22:10  Siege Tank  
  150  22:16  Siege Tank  
  139  22:25  Marine x4  
  139  22:29  Liberator x2  
  147  22:40  Marine  
  147  22:42  Siege Tank  
  151  22:45  Liberator  
  151  22:48  Siege Tank  
  157  22:56  Orbital Command  
  157  23:04  Planetary Fortress  
  157  23:18  Missile Turret  
  154  23:20  Missile Turret  
  154  23:27  Terran Vehicle And Ship Armor Level 1  
  154  23:30  Siege Tank  
  157  23:39  Siege Tank  
  152  24:09  Siege Tank  
  130  24:12  Marine  
  130  24:13  Siege Tank  
  113  24:18  Marine  
  104  24:41  Siege Tank  
  104  24:45  Siege Tank  
  104  24:52  Refinery  
  104  24:54  Refinery  
  104  24:58  Marine x14  
  118  25:00  Medivac x2  
  122  25:09  Marine  
  122  25:10  Liberator, Marine  
  122  25:11  Medivac x2  
  122  25:13  Siege Tank  
  134  25:14  SCV  
  134  25:15  SCV x5, Marine  
  134  25:17  Siege Tank  
  144  25:22  Marine  
  144  25:23  Marine x4  
  146  25:44  Marine x2  
  146  25:45  Siege Tank  
  146  25:49  Marine x4  
  127  25:50  Siege Tank  
  127  25:51  Marine  
  127  25:54  Marine  
  127  25:55  Marine x5  
  134  26:07  Marine x4  
  134  26:09  Medivac, Viking  
  142  26:17  Siege Tank  

Tags
 
Add a new tag
Caveats
  • Supply blocks, unpowered buildings, or Contaminate may cause inaccurate times.
  • Supply counts are checked every 10 seconds.